cohdb
Replays
Latest Replays
All Replays
Popular Replays
Top Player Replays
Match Explorer
How It Works
Community
CoH3 Stats
Reddit
Sign in to upload your games and track your stats! →
Sign in with Steam
Match 44840026
Unlisted
Match 44840026
Overview
Messages
Build Orders
End
Vickers Machine Gun Team
Construct Section Command Post
Infantry Section
Infantry Section
Grenade Package
Infantry Section
Construct Platoon Command Post
6-pounder Anti-tank Gun Team
CMP 15cwt Truck
Infantry Section
Infantry Training
ikk
Argon
Tuntematon
Mobutu Sese Seko
KRIMZ
Torus
Team saupiquet
noobyx
0
0
Comments
sign in to comment!
No comments posted yet!